 Dungeon Crawl Stone Soup version 0.31-a0-1291-g5386780bc2 (webtiles) character file.

Game seed: 13620109882368708020

55 Amplified the Shield-Bearer (level 3, -5/31 HPs)
             Began as a Demigod Fighter on Dec 18, 2023.
             Slain by Robin
             ... wielding a +3 mace
              (6 damage)
             ... on level 2 of the Dungeon.
             The game lasted 00:01:32 (824 turns).

Amplified the Shield-Bearer (Demigod Fighter)        Turns: 824, Time: 00:01:33

Health: -5/31      AC:  6    Str: 21    XL:     3   Next: 45%
Magic:  5/5        EV:  9    Int: 10    God:
Gold:   81         SH:  4    Dex: 13    Spells: 2/2 levels left

rFire   . . .        a - +0 flail
rCold   . . .        c - +0 buckler
rNeg    . . .        b - +0 scale mail
rPois   .            (no helmet)
rElec   .            (no cloak)
rCorr   .            (no gloves)
SInv    .            (no boots)
Will    +....        (no amulet) Stlth
                     g - ring of willpower
HPRegen 0.25/turn    (no ring)
MPRegen 0.09/turn

%: no passive effects
@: no status effects
A: high MP 1, forlorn, divine attributes
a: no special abilities


You were on level 2 of the Dungeon.
You visited 1 branch of the dungeon, and saw 2 of its levels.

You collected 81 gold pieces.

Inventory:

Hand Weapons
 a - a +0 flail (weapon)
Armour
 b - a +0 scale mail (worn)
 c - a +0 buckler (worn)
Jewellery
 g - a ring of willpower (left hand)
Scrolls
 f - a scroll of noise


   Skills:
 + Level 3.0 Fighting
 * Level 2.5 Maces & Flails
 + Level 3.0 Armour
 * Level 3.3 Shields


You had 2 spell levels left.
You didn't know any spells.
Your spell library was empty.

Dungeon Overview and Level Annotations

Branches:
Dungeon (2/15)

Shops:
D:1 =

Annotations:
D:1 Get superring
D:2 Robin


Innate Abilities, Weirdness & Mutations

You have an increased reservoir of magic. (+10% MP)
You shall have no god before yourself.
Your divine heritage dramatically boosts your attributes as you level up.


Message History

Unknown command.
You hit the hobgoblin.
You kill the hobgoblin!
Unknown command.
You barely miss Robin. Robin hits you with a +3 mace.
* * * LOW HITPOINT WARNING * * *
Unknown command.
You barely miss Robin. Robin throws the goblin at you!
The goblin hits you but does no damage.
Robin says, "Kneel, worm!"
Robin hits you but does no damage.
Unknown command.
You closely miss Robin. The goblin hits you but does no damage.
Robin hits you with a +3 mace.
* * * LOW HITPOINT WARNING * * *
The goblin hits you with a +0 dagger.
* * * LOW HITPOINT WARNING * * *
Unknown command.
You barely miss Robin. Robin hits you with a +3 mace.
* * * LOW HITPOINT WARNING * * *
The goblin completely misses you.
Unknown command.
Unknown command.
You aren't carrying any potions.
Unknown command.
Okay, then.
Okay, then.
Okay, then.
You sock the goblin!
You kill the goblin!
Robin closely misses you.
Unknown command.
Unknown command.
You hit Robin.
Robin is moderately wounded.
Robin hits you with a +3 mace.
* * * LOW HITPOINT WARNING * * *
Robin hits you with a +3 mace.
You die...
Robin lets out a smug laugh.

. .....# ######...#..###...†..
..##...### #.#....[........
.........## ##)#....#........
..........## ####.)..##.........†
...........###.....#.####......##
...........)....####.# #......#
.........)......# #.# #.####.#
...........#.#.#####..###. #.#
...........g.#gg@$.....### #..
...........#########...#
..........## . ..##....>## ##
#######


You could see Robin and a hobgoblin (strong).

Vanquished Creatures
  2 adders (D:2)
  A dart slug (D:1)
  An orc (D:2)
  2 bats
  3 endoplasms (D:2)
  4 hobgoblins
  3 jackals (D:1)
  3 ball pythons
  A frilled lizard (D:1)
  9 goblins
29 creatures vanquished.

Notes
Turn   | Place    | Note
-------+----------+-------------------------------------------
     0 | D:1      | Amplified the Demigod Fighter began the quest for the Orb.
     0 | D:1      | Reached XP level 1. HP: 18/18 MP: 3/3
   284 | D:1      | Found Neuckuph's Jewellery Shop.
   291 | D:1      | Reached XP level 2. HP: 25/25 MP: 4/4
   742 | D:2      | Reached XP level 3. HP: 11/30 MP: 5/5
   794 | D:2      | Noticed Robin
   824 | D:2      | HP: 1/31 [Robin/+3 mace (2)]
   824 | D:2      | Slain by Robin

Illustrated notes

Levels and vault maps discovered:
D:1:      evilmike_arrival_fibonacci_small, layout_rooms, serial_shops, shop,
          minmay_tree_intersection, nrook_mini_backslash
D:2:      layout_rooms, hellmonk_ecumenical_altar_crossroads, st_stairs_4,
          corexii_shack, uniq_robin

Skill      XL: |  1  2  3 |
---------------+----------+-----
Maces & Flails | 2 |  2.5
Shields        | 3 |  3.3
Fighting       | 3 |  3.0
Armour         | 3 |  3.0

Action                     || total
---------------------------++-------
  Melee: Flail             ||    77
    Use: Potion            ||     2
         Scroll            ||     2
 Armour: Scale mail        ||    81
  Dodge: Dodged            ||    34
  Block: Buckler           ||    16

Table legend: (Time is in decaauts)
 A = Elapsed time spent in this place.
 B = Non-inter-level travel time spent in this place.
 C = Inter-level travel time spent in this place.
 D = Time resting spent in this place.
 E = Time spent auto-exploring this place.
 F = Levels seen in this place.
 G = Mean time per level.
                   A        B        C        D        E       F      G
               +--------+--------+--------+--------+--------+-----+--------+
         Total |    848 |    836 |     12 |     73 |    552 |   2 |  424.0 |
       Dungeon |    848 |    836 |     12 |     73 |    552 |   2 |  424.0 |
               +--------+--------+--------+--------+--------+-----+--------+

Top non-repeatable levels by time:
     D:1: 468 daAuts
     D:2: 380 daAuts
